[Event "10th Amsterdam Science Park Chess-ch 202"]
[Site "Amsterdam"]
[Date "2022.07.18"]
[Round "1.10"]
[White "Tan, Kevin"]
[Black "Straat, Evert-Jan"]
[Result "1-0"]
[ECO "D40"]
[WhiteElo "2209"]
[BlackElo "1992"]
[Annotator "TA"]
[PlyCount "57"]
[EventDate "2022.07.18"]
[EventCountry "NED"]
[SourceTitle "playchess.com"]
[Source "ChessBase"]
[SourceQuality "1"]
[TimeControl "5400+30"]

1. d4 d5 2. c4 e6 3. Nf3 Nf6 4. Bf4 c5 5. Nc3 a6 6. Rc1 {[%emt 0:03:32] D40: Queen's Gambit Declined: Semi-Tarrasch with 5 e3.} (6. e3 $11 {keeps the balance.}) 6... Nc6 ({Black should try} 6... cxd4 $1 $17 7. Nxd4 Nbd7) 7. e3 cxd4 8. Nxd4 {[%emt 0:07:11] The position is equal.} Qb6 (8... Bd7 $11) 9. Nb3 {[%emt 0:10:58] [#]} (9. Nxc6 $14 bxc6 10. Qc2) 9... Bb4 $146 ({Predecessor:} 9... Be7 10. cxd5 exd5 11. Be2 Be6 12. O-O O-O 13. a3 Rad8 14. Na4 Qa7 15. Bc7 Rd7 {1-0 (32) Soto Hincapie,E (1683)-Lopez Betancourt,B (1919) Cali 2015}) 10. a3 Be7 (10... Bxc3+ $5 11. bxc3 e5 $11) 11. c5 ({White should play} 11. Na4 $14 Qa7 12. Bc7) 11... Qd8 $11 12. Bd3 e5 13. Bg3 Be6 14. O-O O-O (14... Ne4 $5) 15. Bc2 {[%emt 0:05:03] Against Ne4} b6 (15... g6 $15) 16. cxb6 $16 Qxb6 17. Na4 $1 Qb5 {[%emt 0:01:24] [#]} 18. Nac5 $1 {[%emt 0:00:46] Prevents Ne4.} Bg4 (18... e4 19. Nxe6) 19. f3 Bh5 20. Bd3 {[%emt 0:01:37] Inhibits e4.} Qb6 {[%emt 0:01:33] [#]} 21. Na4 $1 {[%emt 0:00:40] White is more active.} Qb7 (21... Qxe3+ $2 22. Bf2 Qf4 23. Nb6 $18 (23. Rxc6 Qxa4 24. Qc2 Rab8 $15)) 22. Nbc5 $36 {[%emt 0:00:35][%mdl 2048] Prevents e4. White is on the roll.} Bxc5 23. Nxc5 Qb6 24. b4 ({Better is} 24. Na4 $16 Qb7 25. Qc2) 24... Bg6 (24... e4 $1 $14) 25. Be2 Rfd8 26. Bf2 d4 {[%emt 0:02:03] White must now prevent ...dxe3.} 27. e4 Nd7 28. Qa4 {[%emt 0:02:45] Threatens to win with Nxd7.} Nxc5 (28... Nf6 $142 29. Nd3 (29. Bxa6 Nb8 $14) 29... Rac8) 29. Rxc5 {[%emt 0:00:10] Weighted Error Value: White=0.29 (precise) /Black=0.38} 1-0